rincewind, neutral male human Wizard -----# |...|# |...|# ------------ |>..|# |.<%.......| |...|# ...........| |...|# |........... #.....## ...........| #--|--##########` |..........| # ### ------.----- # # ## ###### ### # #-.--------- # ### #.._.......| ### #### ###|.........| # -.-+-###....M.....| ### |(..|# |...@.....| # |.`..# ----------- -----# rincewind the Thaumaturge Experience level: 7 Strength: 13 Dexterity: 14 Constitution: 14 Intelligence: 18 Wisdom: 10 Charisma: 7 Health: 0(50) Energy: 62(69) Def: 0 Gold: 179 Moves: 4348 Dungeon seed: mBD4NnvNr2TCbgSz Game ID: rincewind_1464003438 Your Inventory: Coins $ - 179 gold pieces Weapons a - a blessed +1 quarterstaff (alternate weapon; not wielded) T - the +0 Magicbane (weapon in hand) Armor N - a blessed greased +2 gray dragon scale mail Comestibles g - an uncursed tripe ration A - 6 uncursed food rations K - an uncursed egg Z - an uncursed lembas wafer Scrolls i - an uncursed scroll of punishment k - an uncursed scroll of remove curse u - an uncursed scroll of identify E - a blessed scroll of identify V - an uncursed scroll of food detection W - an uncursed scroll of light Spellbooks l - a blessed spellbook of force bolt m - an uncursed spellbook of detect monsters y - an uncursed spellbook of jumping P - an uncursed spellbook of wizard lock Potions j - an uncursed potion of restore ability p - an uncursed potion of fruit juice Rings c - an uncursed +1 ring of protection d - an uncursed ring of slow digestion (on right hand) F - an uncursed ring of sustain ability Wands b - a wand of lightning (0:7) w - a wand of light (0:11) x - a wand of magic missile (0:6) M - a wand of wishing (1:1) Tools L - 4 uncursed tallow candles (0:200) S - an uncursed bag of holding Gems r - an uncursed worthless piece of white glass Contents of the bag of holding: 3 uncursed scrolls of blank paper a cursed scroll of blank paper an uncursed scroll of enchant armor an uncursed scroll of enchant weapon an uncursed potion of blindness a blessed potion of gain ability an uncursed potion of healing 2 uncursed potions of object detection an uncursed potion of speed Spells and supernatural/magical abilities: Name Level Category Fail Memory a - force bolt 1 attack 0% 79% j - jumping 1 escape 0% 83% n - detect monsters 1 divination 0% 79% W - pray for help -- divine ? -- Your skills at the end: Fighting Skills Weapon Skills quarterstaff [Basic] Spellcasting Skills attack spells [Basic] enchantment spells [Basic] Final Attributes: You were piously aligned. You were magic-protected. You had slower digestion. You were unlucky. You are dead. Vanquished creatures: a giant beetle a wood nymph a rock piercer a rock mole a fog cloud a gnome lord 2 gray oozes an elf zombie a paper golem a baby crocodile 2 giant ants 2 floating eyes a kitten a homunculus 2 hill orcs 4 rothes a rabid rat 4 iguanas 6 killer bees an acid blob 5 coyotes a gas spore a hobbit 2 manes a large kobold 3 hobgoblins 2 giant rats 5 cave spiders a brown mold 2 yellow molds a gnome 11 garter snakes a gnome zombie 4 geckos a jackal a fox a kobold 4 goblins 5 sewer rats 6 grid bugs 2 bats 4 lichens 3 kobold zombies 9 newts 111 creatures vanquished. Voluntary challenges: You were vegetarian. You were an atheist. You used a wielded weapon 158 times, starting on turn 207. You read items or engraved 6 times, starting on turn 897. You never genocided any monsters. You never polymorphed an object. You never changed form. You used 4 wishes, starting on turn 2809. You wished for your your first artifact on turn 2819. You never split a pudding. You never wrote Elbereth's name. You violated your moral code, losing 44 points of alignment, starting on turn 2747. Dungeon overview: The Dungeons of Doom: levels 1 to 9 Level 1 an altar to Anhur, some fountains a long staircase Level 2 a general store, a fountain Level 3 Level 4 a fountain Level 5 a sink Level 6 an altar to Ptah Level 7 a fountain Level 8 many fountains Level 9 <- You were here an altar to Anhur History has recorded: On T:1 you entered the Dungeons of Doom to retrieve the Amulet of Yendor! On T:495 you reached level 2 of The Dungeons of Doom. On T:527 you advanced to experience level 2. On T:903 you reached level 3 of The Dungeons of Doom. On T:1069 you reached level 4 of The Dungeons of Doom. On T:1557 you advanced to experience level 3. On T:1967 you reached level 5 of The Dungeons of Doom. On T:2124 you advanced to experience level 4. On T:2575 you reached level 6 of The Dungeons of Doom. On T:2796 you advanced to experience level 5. On T:2809 you wished for "blessed greased +2 gray dragon scale mail". On T:2818 you wished for "bag of holding". On T:2819 you wished for "Magicbane". On T:2897 you wished for "a bag of holding". On T:3157 you reached level 7 of The Dungeons of Doom. On T:3521 you advanced to experience level 6. On T:3657 you reached level 8 of The Dungeons of Doom. On T:4088 you reached level 9 of The Dungeons of Doom. On T:4253 you advanced to experience level 7. Score breakdown: Gold: 179 ( 7671 points) Experience: 7 levels (13645 points) Exploration: 9 levels ( 19.15%) (12510 points) Discoveries: 6 items ( 2.09%) ( 4337 points) Valuables value: (no points given unless you survive) Artifact value: 3500 (12056 points) Variety of kills: 44 monsters ( 11.55%) (10194 points) Turncount: 4348 turns (-1148 points) Survival: died (score multiplied by 80%) Total score: 47412 Latest messages: The wood nymph stole 2 uncursed potions of gain energy. The wood nymph stole an uncursed +1 ring of protection. The wood nymph stole a bag. The wood nymph stole a wand of light. The wood nymph stole a coral ring. You finish disrobing. You put a smoky potion into the bag. You put 2 magenta potions into the bag. The ettin mummy hits! (2x) You die... Final status: Goodbye rincewind the Wizard, killed by an ettin mummy... You died in The Dungeons of Doom on dungeon level 9 with 47412 points, and 179 pieces of gold, after 4348 moves. You were level 7 with a maximum of 50 hit points when you died.